 Dungeon Crawl Stone Soup version 0.23-a0-4-g8f018a2 (webtiles) character file.

80 Amnesiac the Vandal (level 4, -2/33 HPs)
             Began as a Mummy Hunter on July 31, 2018.
             Slain by Natasha (3 damage)
             ... on level 2 of the Dungeon.
             The game lasted 00:01:25 (1196 turns).

Amnesiac the Vandal (Mummy Hunter)                  Turns: 1196, Time: 00:01:25

Health: -2/33      AC:  6    Str: 16    XL:     4   Next: 18%
Magic:  4/4        EV: 11    Int: 10    God:
Gold:   109        SH:  0    Dex: 12    Spells: 3/3 levels left

rFire    x . .     SeeInvis .   a - +1 hunting sling
rCold    + . .     Gourm    .   (no shield)
rNeg     + + +     Faith    .   k - +0 ring mail
rPois    ∞         Spirit   .   (no helmet)
rElec    .         Reflect  .   f - +0 cloak
rCorr    .         Harm     .   (no gloves)
MR       .....                  (no boots)
Stlth    +.........             (no amulet)
HPRegen  0.11/turn              (no ring)
MPRegen  0.09/turn              (no ring)

@: no status effects
A: no food or potions, fire vulnerability, cold resistance 1, negative energy
resistance 3, torment resistance, unbreathing
a: no special abilities


You were on level 2 of the Dungeon.
You were not hungry.

You visited 1 branch of the dungeon, and saw 2 of its levels.

You collected 109 gold pieces.

Inventory:

Hand Weapons
 a - a +1 hunting sling (weapon)
 b - a +0 short sword
Missiles
 d - 12 sling bullets (quivered)
 g - 37 stones
Armour
 f - a +0 cloak (worn)
 k - a +0 ring mail (worn)
Scrolls
 c - a scroll of teleportation {!r, unknown}
 e - a scroll of remove curse {!r, unknown}
 h - a scroll of enchant weapon {!r, unknown}
 i - a scroll of fear {!r, unknown}
 j - 2 scrolls of identify {!r, unknown}


   Skills:
 - Level 2.0 Fighting
 + Level 4.7 Slings
 - Level 1.5 Dodging
 - Level 0.7 Stealth


You had 3 spell levels left.
You didn't know any spells.
Your spell library was empty.

Dungeon Overview and Level Annotations

Branches:
Dungeon (2/15)

Altars:

Annotations:
D:2 Natasha


Innate Abilities, Weirdness & Mutations

You do not eat or drink.
Your flesh is vulnerable to fire.
You are immune to poison.
Your flesh is cold resistant. (rC+)
You are immune to negative energy. (rN+++)
You are immune to unholy pain and torment.
You can survive without breathing.


Message History

Aim: Natasha (moderately wounded)
You shoot a stone. The stone barely misses Natasha.
There are monsters nearby!
Firing (i - inventory. (/) - cycle)
g - 42 stones (quivered)
Press: ? - help, Shift-Dir - straight line, f/p - Natasha
Aim: Natasha (moderately wounded)
You shoot a stone. The stone misses Natasha.
The stone closely misses the frilled lizard.
Natasha stares at you and mumbles some strange words.
The magic dart hits you!
Firing (i - inventory. (/) - cycle)
g - 41 stones (quivered)
Press: ? - help, Shift-Dir - straight line, f/p - Natasha
Aim: Natasha (moderately wounded)
You shoot a stone. The stone completely misses Natasha.
Firing (i - inventory. (/) - cycle)
g - 40 stones (quivered)
Press: ? - help, Shift-Dir - straight line, f/p - Natasha
Aim: Natasha (moderately wounded)
You shoot a stone.
The stone hits Natasha but does no damage.
Natasha is moderately wounded.
Firing (i - inventory. (/) - cycle)
g - 39 stones (quivered)
Press: ? - help, Shift-Dir - straight line, f/p - Natasha
Aim: Natasha (moderately wounded)
You shoot a stone. The stone barely misses Natasha.
Natasha claws you.
Firing (i - inventory. (/) - cycle)
g - 38 stones (quivered)
Press: ? - help, Shift-Dir - straight line, f/p - Natasha
Aim: Natasha (moderately wounded)
You shoot a stone. The stone barely misses Natasha.
Natasha mewls in sadness.
Natasha casts a spell at you. The magic dart hits you!
The frilled lizard misses you.
Natasha stares at you and mumbles some strange words.
The magic dart hits you!
* * * LOW HITPOINT WARNING * * *
Quiver which item? (- for none, * to show all) (? for menu, Esc to quit)
Quivering
d - 16 sling bullets for slings.
Firing (i - inventory. (/) - cycle)
d - 16 sling bullets (quivered)
Press: ? - help, Shift-Dir - straight line, f/p - Natasha
Aim: Natasha (moderately wounded)
You shoot a sling bullet. The sling bullet barely misses Natasha.
Firing (i - inventory. (/) - cycle)
d - 15 sling bullets (quivered)
Press: ? - help, Shift-Dir - straight line, f/p - Natasha
Aim: Natasha (moderately wounded)
You shoot a sling bullet. The sling bullet hits Natasha.
Natasha is heavily wounded.
Natasha casts a spell.
Natasha claws you!
* * * LOW HITPOINT WARNING * * *
Firing (i - inventory. (/) - cycle)
d - 14 sling bullets (quivered)
Press: ? - help, Shift-Dir - straight line, f/p - Natasha
Aim: Natasha (heavily wounded)
You shoot a sling bullet.
The sling bullet closely misses Natasha.
The sling bullet hits the white imp!
The white imp is almost dead.
Natasha claws you!
* * * LOW HITPOINT WARNING * * *
Firing (i - inventory. (/) - cycle)
d - 13 sling bullets (quivered)
Press: ? - help, Shift-Dir - straight line, f/p - Natasha
Aim: Natasha (heavily wounded)
You shoot a sling bullet. The sling bullet hits Natasha.
Natasha is severely wounded.
Natasha claws you.
You die...

#..#####........####.
.....................
.####...######.#####
##.### #..# #.†#
..[## ### . #.## #.##
#≈≈ .. ##.# #. ♣ ..
#..# . ###.## #@## .
#≈≈ ......##h# ###
.....((l5#
.......(#.......
.(....(>..######
.(.....(..#
............
..........### ..#
.(.......## ....


You could see Natasha, a white imp and a frilled lizard.

Vanquished Creatures
  2 adders (D:2)
  3 worms (D:2)
  3 leopard geckos
  9 bats
  2 giant cockroaches (D:1)
  2 hobgoblins (D:1)
  4 jackals (D:2)
  8 kobolds
  2 quokkas (D:2)
  A ball python (D:1)
  2 frilled lizards (D:1)
  7 goblins
  8 rats
53 creatures vanquished.

Notes
Turn   | Place    | Note
-------+----------+-------------------------------------------
     0 | D:1      | Amnesiac the Mummy Hunter began the quest for the Orb.
     0 | D:1      | Reached XP level 1. HP: 16/16 MP: 1/1
   107 | D:1      | Reached XP level 2. HP: 17/22 MP: 2/2
   247 | D:1      | Reached skill level 4 in Slings
   566 | D:1      | Reached XP level 3. HP: 27/27 MP: 3/3
  1095 | D:2      | Reached XP level 4. HP: 33/33 MP: 4/4
  1182 | D:2      | Noticed Natasha
  1195 | D:2      | HP: 1/33 [Natasha (7)]
  1196 | D:2      | Slain by Natasha

Vault maps used:
D:1:      dpeg_arrival_subterranean_lakeside_camping
D:2:      kennysheep_generic_room_14, uniq_natasha

Skill      XL: |  1  2 |
---------------+-------+-----
Slings         | 4 |  4.7
Fighting       | |  2.0
Dodging        | |  1.5
Stealth        | |  0.7

Action                   |  1- 3 |  4- 6 || total
-------------------------+-------+-------++-------
 Fire: Hunting sling     |   141 |    29 ||   170
Armor: Leather armour    |    11 |       ||    11
       Ring mail         |     6 |       ||     6
Dodge: Dodged            |    38 |     1 ||    39

Table legend:
 A = Spawn XP
 B = Non-spawn XP
 C = Spawn XP percentage of total XP
 D = Spawn monster count
 E = Non-spawn monster count
 F = Spawn count percentage of total count
 G = Total turns spent on level
                    A         B        C        D         E        F      G
               +---------+---------+-------+---------+---------+-------+---------
         Total |       0 |     115 |   0.0 |       0 |      53 |   0.0 |  1196
               +---------+---------+-------+---------+---------+-------+---------
           D:1 |       0 |      47 |   0.0 |       0 |      33 |   0.0 |   881
           D:2 |       0 |      68 |   0.0 |       0 |      20 |   0.0 |   315
               +---------+---------+-------+---------+---------+-------+---------
